[Event "Team 45 45 League T43"]
[Site "Internet Chess Club"]
[Date "2009.11.17"]
[Round "3"]
[White "slipkid"]
[Black "Molsen"]
[Result "1-0"]
[WhiteElo "1521"]
[BlackElo "1112"]
[Opening "Scotch gambit: Benima defense"]
[ECO "C44"]
[Time "14:00:16"]
[TimeControl "2700+45"]

1. e4 e5 2. Nf3 Nc6 3. d4 exd4 4. Bc4 Be7 5. O-O d6 6. Nxd4 Nxd4 7. Qxd4 Nf6 8.
Nc3 c5 9. Qd3 O-O 10. Bf4 Qb6 11. a4 a6 12. a5 Qc7 13. Rfe1 g6 14. e5 dxe5 15.
Bxe5 Qd8 16. Qf3 Ra7 17. Rad1 Bd7 18. Bxf6 Bxf6 19. Rxd7 Qxd7 20. Qxf6 Raa8 21.
Nd5 Rae8 22. Ne7+ Rxe7 23. Rxe7 Qd1+ 24. Bf1 Qd5 25. c4 Qd8 26. g3 Qxa5 27. Rxb7
Qa1 28. Kg2 a5 29. Qe5 Rc8 30. Be2 a4 31. Bg4 Rf8 32. Qxc5 f5 33. Qd5+ Kh8 34.
Qe5+ Kg8 35. Qg7# {Black checkmated} 1-0

[Event "Team 45 45 League T43"]
[Site "Internet Chess Club"]
[Date "2009.11.16"]
[Round "3"]
[White "Nocturnes"]
[Black "JimGaming"]
[Result "0-1"]
[WhiteElo "1240"]
[BlackElo "1323"]
[Opening "Sicilian: Smith-Morra gambit"]
[ECO "B21"]
[Time "20:01:05"]
[TimeControl "2700+45"]

1. e4 c5 2. d4 cxd4 3. c3 g6 4. Nf3 dxc3 5. Nxc3 Bg7 6. e5 Nc6 7. Bc4 Nxe5 8.
Nxe5 Bxe5 9. Bxf7+ Kxf7 10. Qd5+ Ke8 11. Qxe5 Nf6 12. Nd5 Qa5+ 13. b4 Qxd5 14.
Qb2 Qxg2 15. Rf1 h6 16. Qc2 Qe4+ 17. Qxe4 Nxe4 18. Bb2 Rg8 19. f3 Nd6 20. Rc1 b6
21. Kd1 Ba6 22. Re1 Bc4 23. Bf6 e6 24. Be5 Ke7 25. Bxd6+ Kxd6 26. Rxc4 Raf8 27.
Rd4+ Ke7 28. Re3 Rf5 29. Red3 Rd8 30. Re3 d5 31. f4 g5 32. fxg5 hxg5 33. a4 Kf6
34. Rg3 Rf4 35. Rxf4+ gxf4 36. Rf3 Kf5 37. h4 Kg4 38. Rc3 Rd7 39. Rc6 Re7 40.
Rc8 Kxh4 41. Rh8+ Kg3 42. Rg8+ Kf2 43. Kd2 e5 44. Rg5 d4 45. Kd3 Kf3 46. b5 Kf2
47. Ke4 f3 48. Rf5 d3 49. Rxf3+ Ke2 50. Rxd3 Rf7 51. Rd5 Rf4+ 52. Kxe5 Rxa4 53.
Kd6 Rc4 54. Kd7 Rc5 55. Kd6 Rxd5+ 56. Kxd5 Ke3 57. Kc6 Kd4 58. Kb7 Kc5 59. Ka6
Kb4 60. Kxa7 Kxb5 61. Kb7 Kc5 62. Ka6 b5 {White resigns} 0-1

[Event "Team 45 45 League T43"]
[Site "Internet Chess Club"]
[Date "2009.11.16"]
[Round "3"]
[White "Razorbackchess"]
[Black "powerchess1"]
[Result "1-0"]
[WhiteElo "1809"]
[BlackElo "1747"]
[Opening "English: Anglo-Dutch defense"]
[ECO "A10"]
[Time "18:19:04"]
[TimeControl "2700+45"]

1. c4 f5 2. Nc3 Nf6 3. g3 g6 4. Bg2 Bg7 5. d3 O-O 6. e4 e5 7. f4 d6 8. Nge2 c6
9. O-O Na6 10. Rb1 Rb8 11. Be3 Ra8 12. h3 Nh5 13. exf5 gxf5 14. Qd2 Qf6 15. fxe5
dxe5 16. g4 f4 17. Ne4 Qe7 18. gxh5 fxe3 19. Qxe3 Nb4 20. Qg3 Bd7 21. h6 Rf7 22.
Rxf7 Qxf7 23. Qxg7+ Qxg7 24. hxg7 Kxg7 25. a3 Nxd3 26. Rd1 Be6 27. Rxd3 Bxc4 28.
Rd7+ Kg6 29. N2g3 Rb8 30. Bf3 Be6 31. Rd6 Re8 32. Bh5+ {Black resigns} 1-0

[Event "Team 45 45 League T43"]
[Site "Internet Chess Club"]
[Date "2009.11.14"]
[Round "3"]
[White "BotanicalKnight"]
[Black "allanchs"]
[Result "1-0"]
[WhiteElo "1550"]
[BlackElo "1510"]
[Opening "Bishop's opening: Berlin defense"]
[ECO "C24"]
[Time "10:04:09"]
[TimeControl "2700+45"]

1. e4 e5 2. Bc4 Nf6 3. d3 c6 4. Bb3 d5 5. Nf3 Bb4+ 6. Bd2 Ba5 7. O-O Bc7 8. exd5
cxd5 9. Bg5 Be6 10. Nc3 Nc6 11. Re1 h6 12. Bh4 O-O 13. Qd2 Re8 14. Bxf6 Qxf6 15.
Nxd5 Bxd5 16. Bxd5 Rad8 17. Bxc6 Qxc6 18. Qc3 Qxc3 19. bxc3 Ba5 20. Rab1 Bxc3
21. Re4 b6 22. Rb3 Rc8 23. Ra3 Bb4 24. Rxa7 Rxc2 25. h3 f6 26. Rxb4 {Black
resigns} 1-0

[Event "Team 45 45 League T43"]
[Site "Internet Chess Club"]
[Date "2009.11.12"]
[Round "3"]
[White "ElmerHo"]
[Black "reverendjim"]
[Result "1-0"]
[WhiteElo "1497"]
[BlackElo "1410"]
[Opening "Caro-Kann: advance variation"]
[ECO "B12"]
[Time "23:00:22"]
[TimeControl "2700+45"]

1. e4 c6 2. d4 d5 3. e5 Bf5 4. Nf3 e6 5. Be2 c5 6. Be3 Nd7 7. O-O Ne7 8. c4 Bxb1
9. Rxb1 dxc4 10. Bxc4 cxd4 11. Bxd4 Nc6 12. Bc3 Bb4 13. Bxb4 Nxb4 14. Qd6 Qe7
15. Rfd1 a6 16. Rd2 Qxd6 17. Rxd6 O-O-O 18. Rc1 Kb8 19. a3 b5 20. Bxe6 fxe6 21.
axb4 Kb7 22. Rcd1 Kc7 23. Ng5 Nxe5 24. Nxe6+ {Black resigns} 1-0

[Event "Team 45 45 League T43"]
[Site "Internet Chess Club"]
[Date "2009.11.14"]
[Round "3"]
[White "Fogbound"]
[Black "kingphisch"]
[Result "1-0"]
[WhiteElo "1346"]
[BlackElo "1473"]
[Opening "Queen's pawn game"]
[ECO "D04"]
[Time "14:00:20"]
[TimeControl "2700+45"]

1. d4 d5 2. Nf3 Nf6 3. e3 Bf5 4. Be2 e6 5. O-O Nbd7 6. b3 c5 7. Bb2 Bd6 8. Bb5
O-O 9. Bxd7 Nxd7 10. dxc5 Bxc5 11. Ne5 Qc7 12. f4 Bxe3+ 13. Kh1 Nxe5 14. Bxe5
Qxc2 15. Qf3 Be4 16. Qg4 Bg6 17. Na3 Rac8 18. Nxc2 {Black resigns} 1-0

[Event "Team 45 45 League T43"]
[Site "Internet Chess Club"]
[Date "2009.11.13"]
[Round "3"]
[White "ILRE"]
[Black "UnderRated"]
[Result "1-0"]
[WhiteElo "1632"]
[BlackElo "1720"]
[Opening "Sicilian: closed, 6.f4"]
[ECO "B25"]
[Time "17:00:25"]
[TimeControl "2700+45"]

1. e4 c5 2. Nc3 Nc6 3. g3 g6 4. Bg2 Bg7 5. d3 d6 6. f4 e6 7. Nf3 Nge7 8. O-O O-O
9. Be3 Nd4 10. Rb1 Nec6 11. Ne2 Rb8 12. c3 Nxf3+ 13. Rxf3 e5 14. f5 g5 15. g4 b5
16. Qd2 f6 17. Qe1 Rf7 18. Rd1 Qb6 19. h4 h6 20. hxg5 hxg5 21. Rh3 Bf8 22. Qg3
Rbb7 23. Kf2 Rh7 24. Rdh1 Rxh3 25. Qxh3 Rg7 26. Qh8+ Kf7 27. Rh7 Qc7 28. Ng3 Ke8
29. Rxg7 Qxg7 30. Qh5+ Ke7 31. Qh1 Bd7 32. Bf3 a5 33. Kg2 Kd8 34. Qd1 Be8 35.
Ne2 Qa7 36. d4 Kc7 37. dxc5 dxc5 38. Qd5 Nd8 39. Qg8 Nb7 40. Qxf8 Nd6 41. Qe7+
Bd7 42. Qxf6 Nc4 43. Bf2 Nxb2 44. Qxe5+ Kc8 45. Qxc5+ Qxc5 46. Bxc5 Nd3 47. Be7
Bc6 48. Bxg5 b4 49. cxb4 axb4 50. Nd4 Be8 51. Be2 Nc5 52. Kf3 Bf7 53. Bd1 Bxa2
54. Be7 b3 55. Nxb3 Nxb3 56. Bxb3 Bxb3 57. e5 Kd7 58. Bd6 {Black resigns} 1-0

[Event "Team 45 45 League T43"]
[Site "Internet Chess Club"]
[Date "2009.11.16"]
[Round "3"]
[White "smsxman"]
[Black "Helaman"]
[Result "0-1"]
[WhiteElo "1450"]
[BlackElo "1484"]
[Opening "Four knights: Italian variation"]
[ECO "C47"]
[Time "13:00:12"]
[TimeControl "2700+45"]

1. e4 e5 2. Nf3 Nf6 3. Nc3 Nc6 4. Bc4 Nxe4 5. Bxf7+ Kxf7 6. Nxe4 d5 7. Nfg5+ Kg8
8. Qf3 Qe8 9. Nc3 e4 10. Qg3 Bd6 11. Qh4 h6 12. Nh3 Be6 13. f4 exf3 14. O-O fxg2
15. Kxg2 d4 16. Ne4 Bd5 17. d3 Qg6+ 18. Kh1 Re8 19. Rg1 Rxe4 20. Qxe4 Bxe4+ 21.
dxe4 Qxe4+ 22. Rg2 Qf3 23. Nf2 Kh7 24. Kg1 Re8 25. Nd3 Qd1+ 26. Kf2 Re2+ 27. Kf3
Qf1+ 28. Rf2 Ne5+ 29. Kg3 Qg1+ {White resigns} 0-1

[Event "Team 45 45 League T43"]
[Site "Internet Chess Club"]
[Date "2009.11.15"]
[Round "3"]
[White "blizzard13"]
[Black "CKNIGHT3"]
[Result "0-1"]
[WhiteElo "1486"]
[BlackElo "1554"]
[Opening "Sicilian: Smith-Morra gambit"]
[ECO "B21"]
[Time "12:00:14"]
[TimeControl "2700+45"]

1. e4 c5 2. d4 cxd4 3. c3 d3 4. c4 Nc6 5. Bxd3 Nf6 6. Nf3 d6 7. O-O e6 8. Re1
Be7 9. Be3 O-O 10. Qd2 Re8 11. b4 a6 12. a3 Bd7 13. Nc3 Rb8 14. Reb1 b5 15. cxb5
axb5 16. Nxb5 Ne5 17. Nc3 Nxf3+ 18. gxf3 d5 19. e5 Nh5 20. Kf1 Bc6 21. Bd4 Bg5
22. Qc2 g6 23. Ke2 Nf4+ 24. Kf1 Nxd3 25. Qxd3 Qd7 26. Ke2 Bf4 27. h4 Qe7 28. Rh1
Qc7 29. h5 Bxe5 30. hxg6 fxg6 31. Rag1 Qg7 32. Bxe5 Qxe5+ 33. Kd1 Qf6 34. Rh3 e5
35. Nxd5 Qd6 36. Rhg3 Re6 37. f4 Bxd5 38. fxe5 Bb3+ 39. Kd2 Qxd3+ 40. Rxd3 Bc4
41. Rc3 Ba6 42. Rc5 Rd8+ 43. Kc1 Rc8 44. Re1 Rxc5+ 45. bxc5 Kf7 46. Re3 Ke7 47.
Kb2 Kd7 48. Kc3 Kc6 49. Kb4 Kd5 50. f4 Kd4 51. Re1 Bb7 52. Rd1+ Ke4 53. Rd6 Kf5
54. Rxe6 Kxe6 55. Kb5 h5 56. c6 Bxc6+ 57. Kxc6 h4 58. a4 h3 59. a5 h2 60. a6
h1=Q+ 61. Kb6 Kd7 62. a7 Qc6+ 63. Ka5 Qb7 {White resigns} 0-1

[Event "Team 45 45 League T43"]
[Site "Internet Chess Club"]
[Date "2009.11.13"]
[Round "3"]
[White "Folgers"]
[Black "alastorx"]
[Result "0-1"]
[WhiteElo "1986"]
[BlackElo "2014"]
[Opening "Queen's pawn: Torre attack"]
[ECO "A40"]
[Time "22:00:34"]
[TimeControl "2700+45"]

1. d4 e6 2. Nf3 Nf6 3. Bg5 h6 4. Bxf6 Qxf6 5. e4 g5 6. e5 Qg7 7. Nc3 c5 8. Ne4
g4 9. Nf6+ Kd8 10. Nh4 Nc6 11. Qxg4 Qxg4 12. Nxg4 cxd4 13. f4 d6 14. Nf3 dxe5
15. Ngxe5 Bb4+ 16. Kf2 Kc7 17. Nxc6 bxc6 18. Nxd4 Bc5 19. c3 Rd8 20. Rd1 f6 21.
Ke1 e5 22. fxe5 fxe5 23. Nf3 Bf2+ 24. Kxf2 Rxd1 25. Rg1 e4 26. Nd4 Rb8 27. b4 a5
28. b5 cxb5 29. g4 Ba6 30. Be2 e3+ 31. Kg2 Bb7+ 32. Bf3 Bxf3+ 33. Nxf3 e2 34.
Kf2 Re8 35. Re1 Rxe1 36. Kxe1 Kb6 37. h4 Kc5 38. Kd2 Kc4 39. g5 hxg5 40. hxg5
Rd8+ 41. Kxe2 Kxc3 42. Ke3 Kb2 43. Nd4 b4 44. Nc6 Rd5 45. Kf4 Kxa2 46. g6 Rd6
47. Nxa5 Rxg6 {White resigns} 0-1

[Event "Team 45 45 League T43"]
[Site "Internet Chess Club"]
[Date "2009.11.12"]
[Round "3"]
[White "MRX"]
[Black "TerryMalloy"]
[Result "0-1"]
[WhiteElo "1661"]
[BlackElo "2031"]
[Opening "Four knights: Scotch, 4...exd4"]
[ECO "C47"]
[Time "19:05:15"]
[TimeControl "2700+45"]

1. e4 e5 2. Nf3 Nf6 3. Nc3 Nc6 4. d4 exd4 5. Nxd4 Bb4 6. Nxc6 bxc6 7. Bd3 d5 8.
exd5 cxd5 9. O-O O-O 10. Bg5 c6 11. Qf3 Re8 12. Rae1 Be6 13. Bd2 Bd6 14. Bf5 Qc7
15. h3 Rab8 16. Bxe6 fxe6 17. b3 e5 18. Qe2 e4 19. Na4 Re7 20. c3 Rbe8 21. Be3
c5 22. Rd1 Qc6 23. Qd2 h6 24. Bf4 Bxf4 25. Qxf4 e3 26. fxe3 Rxe3 27. Rf3 Re2 28.
Rd2 Re1+ 29. Rf1 R1e4 30. Qf2 Re3 31. Qf5 R8e5 32. Qc2 Ne4 33. Rd3 Ng3 34. Rxe3
Rxe3 35. Rf8+ Kxf8 36. Qf2+ Nf5 37. Qxf5+ Kg8 38. Qf4 Re2 39. Qb8+ Kh7 40. Qf4
d4 41. Qf5+ Qg6 42. Qxg6+ Kxg6 43. cxd4 cxd4 44. a3 Kf5 45. Kf1 Ra2 46. Nc5 Rxa3
47. Ke2 Ke5 48. b4 Kd5 49. Nd3 Rxd3 50. Kxd3 a6 51. g3 g6 52. g4 g5 53. Kc2 Kc4
54. Kd2 Kxb4 55. Kd3 Kc5 {White resigns} 0-1

[Event "Team 45 45 League T43"]
[Site "Internet Chess Club"]
[Date "2009.11.15"]
[Round "3"]
[White "miazga"]
[Black "Egmont"]
[Result "1-0"]
[WhiteElo "1990"]
[BlackElo "1730"]
[Opening "Polish (Sokolsky) opening"]
[ECO "A00"]
[Time "06:04:37"]
[TimeControl "2700+45"]

1. b4 f5 2. Bb2 d5 3. e3 Nf6 4. c4 e6 5. a3 Be7 6. Nf3 O-O 7. Nc3 c6 8. Qc2 Bd7
9. Be2 Bd6 10. h3 e5 11. cxd5 cxd5 12. Qb3 Be6 13. Ng5 Qe7 14. Nxe6 Qxe6 15.
Nxd5 Kh8 16. Bc4 Nbd7 17. Nb6 Qe7 18. Nxa8 Rxa8 19. O-O e4 20. Be6 f4 21. exf4
Bxf4 22. Bxd7 Nxd7 23. Rfe1 Nf6 24. Bxf6 gxf6 25. Qf3 Be5 26. Qxe4 Re8 27. f4
{Black resigns} 1-0

[Event "Team 45 45 League T43"]
[Site "Internet Chess Club"]
[Date "2009.11.15"]
[Round "3"]
[White "cesaralexander"]
[Black "poni"]
[Result "0-1"]
[WhiteElo "2029"]
[BlackElo "1945"]
[Opening "Old Indian defense"]
[ECO "A42"]
[Time "03:04:32"]
[TimeControl "2700+45"]

1. d4 d6 2. c4 e5 3. Nf3 e4 4. Ng5 f5 5. Nc3 Be7 6. Nh3 c6 7. e3 Nf6 8. Be2 O-O
9. b3 Na6 10. Bb2 Nc7 11. Nf4 d5 12. cxd5 cxd5 13. Rc1 g5 14. Nh5 Nxh5 15. Bf3
exf3 16. Qxf3 Nf6 17. Qg3 Ne6 18. Qe5 Ng7 19. Qf4 {White resigns} 0-1

[Event "Team 45 45 League T43"]
[Site "Internet Chess Club"]
[Date "2009.11.13"]
[Round "3"]
[White "koni"]
[Black "Majamutu"]
[Result "1-0"]
[WhiteElo "2012"]
[BlackElo "1994"]
[Opening "King's Indian: orthodox, Aronin-Taimanov, bayonet attack"]
[ECO "E97"]
[Time "13:00:21"]
[TimeControl "2700+45"]

1. Nf3 Nf6 2. c4 g6 3. Nc3 Bg7 4. e4 d6 5. d4 O-O 6. Be2 e5 7. O-O Nc6 8. d5 Ne7
9. b4 a5 10. Ba3 Nd7 11. bxa5 Rxa5 12. Bb4 Ra8 13. a4 Bh6 14. a5 f5 15. Nd2 Nf6
16. c5 Bxd2 17. Qxd2 Nxe4 18. Nxe4 fxe4 19. Bc3 Nf5 20. Ra4 Qh4 21. cxd6 cxd6
22. f4 e3 23. Qd1 Bd7 24. Rb4 Qe7 25. fxe5 dxe5 26. Rxb7 Ba4 27. Qb1 Qe8 28. Qb4
Rd8 29. a6 Nd6 30. Rb6 Rxf1+ 31. Bxf1 Qf8 32. Be1 Bd1 33. g3 Bf3 34. a7 Bxd5 35.
Bg2 Bxg2 36. Kxg2 e4 37. Rb8 Qf3+ 38. Kg1 e2 39. Rxd8+ Kf7 40. Bf2 {Black
forfeits on time} 1-0

[Event "Team 45 45 League T43"]
[Site "Internet Chess Club"]
[Date "2009.11.13"]
[Round "3"]
[White "CaoCao"]
[Black "SneakyRed"]
[Result "1/2-1/2"]
[WhiteElo "1966"]
[BlackElo "1822"]
[Opening "Caro-Kann: classical, Spassky variation"]
[ECO "B18"]
[Time "02:01:14"]
[TimeControl "2700+45"]

1. e4 c6 2. d4 d5 3. Nc3 dxe4 4. Nxe4 Bf5 5. Ng3 Bg6 6. Nf3 Nd7 7. h4 h6 8. h5
Bh7 9. Bd3 Bxd3 10. Qxd3 e6 11. Bd2 Ngf6 12. O-O-O Be7 13. Kb1 O-O 14. c4 b5 15.
c5 Nxc5 16. Qc2 Na4 17. Qxc6 Qd5 18. Qxd5 Nxd5 19. Ne2 Rac8 20. g4 Rc6 21. Ne5
Rc7 22. Ba5 Rcc8 23. Bd2 Rc7 24. Ba5 Rcc8 25. Bd2 Rc7 26. Ba5 {Game drawn by
repetition} 1/2-1/2

[Event "Team 45 45 League T43"]
[Site "Internet Chess Club"]
[Date "2009.11.15"]
[Round "3"]
[White "Duguesclin"]
[Black "rayonline53"]
[Result "1/2-1/2"]
[WhiteElo "1704"]
[BlackElo "1452"]
[Opening "Benkö gambit: Zaitsev system"]
[ECO "A57"]
[Time "08:30:10"]
[TimeControl "2700+45"]

1. d4 Nf6 2. c4 c5 3. d5 b5 4. cxb5 a6 5. Nc3 d6 6. e4 g6 7. Bd3 Bg7 8. Nge2 O-O
9. O-O Nbd7 10. Bf4 Nb6 11. Rc1 Bd7 12. Qb3 Qc7 13. Bc4 Rfb8 14. bxa6 Nxc4 15.
Qxc4 Rb4 16. Qd3 Qa5 17. b3 Rxa6 18. Bd2 Bb5 19. Nxb5 Qxb5 20. Qf3 Nxe4 21. Bxb4
Qxb4 22. Qd3 Rxa2 23. Rc4 Nxf2 24. Rxf2 Qe1+ 25. Rf1 Qxe2 26. Qxe2 Rxe2 27. b4
cxb4 28. Rxb4 Bf6 29. Rd1 Kg7 30. Kf1 Ra2 31. Re4 Be5 32. h3 Kf6 33. Re2 Rxe2
34. Kxe2 Kg5 35. Kf3 h5 36. Rb1 f5 37. g3 Kf6 38. Rb7 Kf7 39. g4 hxg4+ 40. hxg4
Kf6 41. Rb8 Kf7 42. Rc8 Kg7 43. g5 {Game drawn by mutual agreement} 1/2-1/2

[Event "Team 45 45 League T43"]
[Site "Internet Chess Club"]
[Date "2009.11.16"]
[Round "3"]
[White "nursey"]
[Black "MarkNY"]
[Result "1-0"]
[WhiteElo "1571"]
[BlackElo "1601"]
[Opening "Grünfeld: exchange, classical variation"]
[ECO "D86"]
[Time "15:03:21"]
[TimeControl "2700+45"]

1. d4 Nf6 2. c4 g6 3. Nc3 d5 4. cxd5 Nxd5 5. e4 Nxc3 6. bxc3 Bg7 7. Bc4 c5 8.
Ne2 cxd4 9. cxd4 O-O 10. O-O Nc6 11. Bb2 a6 12. Rc1 Na5 13. Bd3 b5 14. Re1 Qb6
15. Ba3 Ra7 16. Bc5 Qb7 17. Bxa7 Qxa7 18. a4 b4 19. Bb1 Nb7 20. Rc7 Re8 21. e5
Qb6 22. Qc2 Bf5 23. Qc6 Qxc6 24. Rxc6 Bxb1 25. Rxb1 a5 26. Rc7 Nd8 27. Nf4 Bh6
28. Nd5 Kf8 29. Kf1 Ne6 30. Ra7 Nxd4 31. Rxa5 b3 32. Ra7 e6 33. Nf6 Rb8 34. Nd7+
Kg7 35. Nxb8 Bf4 36. Nd7 Kh6 37. Nc5 Bxe5 38. Rxf7 Bxh2 39. g3 Nf5 40. Rxb3
{Black resigns} 1-0

[Event "Team 45 45 League T43"]
[Site "Internet Chess Club"]
[Date "2009.11.16"]
[Round "3"]
[White "oldprez"]
[Black "crankn8tr"]
[Result "1-0"]
[WhiteElo "1391"]
[BlackElo "1506"]
[Opening "Sicilian: Pelikan (Lasker/Sveshnikov) variation"]
[ECO "B33"]
[Time "21:00:13"]
[TimeControl "2700+45"]

1. e4 c5 2. Nf3 Nc6 3. d4 cxd4 4. Nxd4 Nf6 5. Nc3 e5 6. Nxc6 bxc6 7. Be2 Bb4 8.
Bd2 O-O 9. O-O d5 10. a3 Bxc3 11. Bxc3 d4 12. Bb4 Re8 13. Bf3 Bb7 14. Re1 Nd7
15. c4 c5 16. Bd2 Rb8 17. b4 a6 18. Rb1 Bc6 19. a4 cxb4 20. Rxb4 Rxb4 21. Bxb4
Nf6 22. a5 Qa8 23. Qc2 Rc8 24. Bd6 Nd7 25. Bg4 f6 26. Be6+ Kh8 27. Qe2 Qb7 28.
Qh5 Qb3 29. Bf5 {Black resigns} 1-0

[Event "Team 45 45 League T43"]
[Site "Internet Chess Club"]
[Date "2009.11.16"]
[Round "3"]
[White "Andressa"]
[Black "dinkola"]
[Result "0-1"]
[WhiteElo "1533"]
[BlackElo "1737"]
[Opening "Alekhine's defense: Scandinavian variation"]
[ECO "B02"]
[Time "17:00:30"]
[TimeControl "2700+45"]

1. e4 Nf6 2. Nc3 d5 3. exd5 Nxd5 4. Nxd5 Qxd5 5. Nf3 Nc6 6. Be2 e5 7. d3 Be7 8.
c4 Qd6 9. O-O Qg6 10. g3 O-O 11. Qd2 Bg4 12. Qe3 Rad8 13. Nxe5 Nxe5 14. Qxe5 Bf6
15. Qxc7 Bxe2 16. Re1 Bf3 17. Qf4 Rxd3 18. Be3 Bc6 19. Rab1 Rfd8 20. Bxa7 Bg5
21. Qe5 Qh6 22. Qe2 Qh3 23. Qf1 Qg4 24. Qe2 Qxe2 25. Rxe2 Rd1+ 26. Re1 Rxe1+ 27.
Rxe1 Rd2 28. b4 Rxa2 29. b5 Bd7 30. Be3 Bxe3 31. Rxe3 Be6 32. Rc3 h6 33. c5 Kf8
34. c6 bxc6 35. bxc6 Ke7 36. c7 Ra8 37. f4 Kd7 38. Kg2 Rc8 39. Kf3 Rxc7 40. Rd3+
Ke7 41. g4 f5 42. g5 hxg5 43. fxg5 Rb7 44. Rd4 Rb3+ 45. Kf2 Rh3 46. Kg2 Rh5 47.
h4 g6 48. Kg3 Bd7 49. Rb4 Rh8 50. Rb6 Be6 51. Rb7+ Kd6 52. Rb6+ Ke5 53. Rb5+ Bd5
54. Rb4 Rc8 55. Rb2 Rc4 56. Re2+ Re4 57. Rb2 Rg4+ 58. Kh3 Kf4 59. Rf2+ Bf3 60.
Rf1 Rg3+ 61. Kh2 Kg4 {White resigns} 0-1

[Event "Team 45 45 League T43"]
[Site "Internet Chess Club"]
[Date "2009.11.14"]
[Round "3"]
[White "slipkid"]
[Black "mongmong"]
[Result "0-1"]
[WhiteElo "1474"]
[BlackElo "1535"]
[Opening "French: Winawer, advance variation"]
[ECO "C16"]
[Time "06:15:14"]
[TimeControl "2700+45"]

1. e4 e6 2. d4 d5 3. Nc3 Bb4 4. e5 Ne7 5. f4 c5 6. Nf3 Nbc6 7. a3 Bxc3+ 8. bxc3
Qa5 9. Bd2 c4 10. Be2 Bd7 11. O-O O-O-O 12. Be1 f5 13. Qd2 h6 14. Bh4 Rdf8 15.
Rfb1 Ng6 16. Bf2 Qd8 17. a4 Na5 18. Rb4 Qe8 19. Nh4 Ne7 20. Nf3 Ng6 21. Be3 Qe7
22. Qe1 Nc6 23. Rbb1 Na5 24. Bc1 Qe8 25. Nh4 Nxh4 26. Qxh4 Bxa4 27. Rb4 b5 28.
Bd1 Nc6 29. Rbb1 Qe7 30. Qxe7 Nxe7 31. Ba3 Kd7 32. Bc5 a6 33. Rxa4 bxa4 34. Rb7+
Kc8 35. Rxe7 Re8 36. Ra7 g5 37. fxg5 hxg5 38. Rxa6 Kd7 39. Rxa4 Ra8 40. Rxa8
Rxa8 41. Kf2 Rh8 42. h3 Ke8 43. Kg3 Kf7 44. Kf2 Kg6 45. Be7 Ra8 46. g4 Ra1 47.
gxf5+ exf5 48. Bf3 Ra2 49. Bd1 Ra1 50. Ke2 g4 51. hxg4 fxg4 52. Bh4 Kf5 53. Bg3
Ra8 54. Kf2 Rh8 55. Be2 Ra8 56. e6 Re8 57. Bh2 Rxe6 58. Kg3 Re3+ 59. Kh4 Rh3#
{White checkmated} 0-1

[Event "Team 45 45 League T43"]
[Site "Internet Chess Club"]
[Date "2009.11.15"]
[Round "3"]
[White "PANAMA-REY"]
[Black "MikeA"]
[Result "0-1"]
[WhiteElo "1296"]
[BlackElo "1421"]
[Opening "Sicilian: closed, 2...Nc6"]
[ECO "B23"]
[Time "11:00:15"]
[TimeControl "2700+45"]

1. e4 c5 2. Nc3 Nc6 3. Bb5 Nf6 4. Bxc6 dxc6 5. d3 Bg4 6. f3 Bh5 7. Be3 e6 8. Qd2
Be7 9. Nge2 O-O 10. O-O-O b5 11. h4 b4 12. Na4 c4 13. dxc4 Qa5 14. b3 Rfd8 15.
Qe1 Rxd1+ 16. Qxd1 Bg6 17. g4 Rd8 18. Qg1 h5 19. g5 Nd7 20. Nf4 Ne5 21. Qf2 Nxc4
22. Bc5 Bxc5 23. Qxc5 Qxc5 24. Nxc5 Ne5 25. Rf1 a5 26. Ncd3 Nxd3+ 27. Nxd3 f5
28. Ne5 Be8 29. Nd3 Kf7 30. Rd1 Ke7 31. Re1 fxe4 32. Rxe4 Bg6 33. Re3 Bxd3 34.
cxd3 Rd4 35. Re5 Rxd3 36. Rxa5 Rxf3 37. Ra7+ Kd6 38. Rxg7 Rh3 39. g6 Rxh4 40.
Rg8 Ke5 41. g7 Kf6 42. Rc8 Kxg7 43. Rxc6 e5 44. Rc7+ Kf6 45. Rc6+ Kf5 46. Kd2
Kf4 47. Rc4+ Kg3 48. Rc5 Rd4+ 49. Ke2 h4 50. Rxe5 Rg4 51. Re3+ Kg2 52. Kd2 h3
53. Re2+ Kg1 54. Re1+ Kf2 55. Re2+ Kg3 56. Re3+ Kh4 57. Ke2 h2 {White resigns}
0-1

[Event "Team 45 45 League T43"]
[Site "Internet Chess Club"]
[Date "2009.11.13"]
[Round "3"]
[White "SuperJEM"]
[Black "nosalt"]
[Result "1-0"]
[WhiteElo "2170"]
[BlackElo "2025"]
[Opening "English, 1...Nf6 (Anglo-Indian defense)"]
[ECO "A15"]
[Time "10:21:57"]
[TimeControl "2700+45"]

1. c4 Nf6 2. g3 g6 3. Bg2 Bg7 4. Nc3 d6 5. e3 c6 6. Nge2 e5 7. O-O O-O 8. d4
Nbd7 9. b3 Qe7 10. Ba3 Ne8 11. dxe5 Nxe5 12. Rc1 f5 13. Qd2 Be6 14. Rfd1 Rd8 15.
Nf4 Bc8 16. c5 d5 17. Ncxd5 Qd7 18. Ne7+ Kf7 19. Ned5 Nc7 20. Qa5 cxd5 21. Nxd5
Nxd5 22. Bxd5+ Qxd5 23. Rxd5 Rxd5 24. Qxa7 Nc6 25. Qa4 Bd7 26. b4 Ne5 27. Qb3
Be6 28. b5 Rc8 29. Qa4 Nd3 30. Rc2 Nxc5 31. Qa7 Bf8 32. Bxc5 Rdxc5 33. Qxb7+ Be7
34. Rd2 Rc2 35. Rxc2 Rxc2 36. a4 Rd2 37. f3 Bd5 38. Qc7 Bxf3 39. b6 Rb2 40. a5
Ke6 41. Qc4+ Bd5 42. Qc8+ Kf7 43. Qc7 Ke6 44. a6 Bd6 45. Qc8+ Ke7 46. b7 Rb1+
47. Kf2 Rb2+ 48. Kf1 Rb1+ 49. Ke2 Rb2+ 50. Kd1 Bf3+ 51. Kc1 Ba3 52. Qc7+ Ke8 53.
Qe5+ Kd7 54. Qd4+ Ke7 55. Qxb2 {Black resigns} 1-0

[Event "Team 45 45 League T43"]
[Site "Internet Chess Club"]
[Date "2009.11.13"]
[Round "3"]
[White "Holm"]
[Black "SuperPeon"]
[Result "0-1"]
[WhiteElo "1876"]
[BlackElo "2084"]
[Opening "Queen's Pawn"]
[ECO "A41"]
[Time "06:01:33"]
[TimeControl "2700+45"]

1. d4 d6 2. Nf3 Nf6 3. c4 g6 4. Nc3 Bf5 5. d5 e5 6. dxe6 Bxe6 7. e4 Nbd7 8. Bd3
Bg7 9. Qe2 O-O 10. O-O Nc5 11. Bc2 a5 12. Bg5 Re8 13. Rad1 Qe7 14. Nd4 Bd7 15.
f3 c6 16. Qd2 Red8 17. Bh4 a4 18. b4 axb3 19. axb3 Ra3 20. Bg3 Nh5 21. Bf2 Be5
22. g3 Bh3 23. Rfe1 Rda8 24. f4 Bg7 25. e5 dxe5 26. fxe5 Nd7 27. e6 fxe6 28. Ne4
Ra2 29. Nf3 e5 30. Qd3 Bf5 31. Nh4 Bg4 32. Rd2 Ra1 33. Bb1 Bh6 34. Be3 Bxe3+ 35.
Qxe3 Qb4 36. Kg2 Nhf6 37. Nxf6+ Nxf6 38. Qg5 Qe7 39. Rxe5 Qg7 40. Be4 Re1 41.
Bd5+ cxd5 42. Rxe1 dxc4 43. bxc4 Rf8 44. h3 Bd7 45. Rde2 Bc6+ 46. Kh2 Nh5 47.
Rd2 Qc3 48. Qe3 Qxc4 49. Rd4 Qf7 50. Ng2 Qf2 51. Rd2 Qf7 52. Qe6 Qxe6 53. Rxe6
Rf7 54. g4 Nf6 55. Ne3 Ne4 56. Rb2 Ng5 57. Rd6 Rf3 58. Nc4 Rxh3+ 59. Kg1 Rh1+
60. Kf2 Ne4+ 61. Ke3 Nxd6 62. Nxd6 Rh3+ 63. Kf4 Rf3+ 64. Ke5 Rf8 65. g5 Kg7 66.
Rh2 Rf1 67. Re2 Rd1 68. Ke6 b5 69. Ke7 b4 70. Rf2 Re1+ 71. Kd8 b3 72. Kc7 Ba4
73. Kb6 h5 74. Ka5 Bd7 75. Rf7+ Kg8 76. Rxd7 Ra1+ 77. Kb4 b2 78. Rd8+ Kg7 79.
Rd7+ Kf8 80. Kc5 Rc1+ 81. Kd5 b1=Q 82. Rd8+ Ke7 83. Re8+ Kd7 {White resigns} 0-1

[Event "Team 45 45 League T43"]
[Site "Internet Chess Club"]
[Date "2009.11.15"]
[Round "3"]
[White "Darkwizard1"]
[Black "ivanson"]
[Result "1-0"]
[WhiteElo "1781"]
[BlackElo "1804"]
[Opening "Two knights defense"]
[ECO "C58"]
[Time "18:00:16"]
[TimeControl "2700+45"]

1. e4 e5 2. Nf3 Nc6 3. Bc4 Nf6 4. Ng5 d5 5. exd5 Na5 6. Bb5+ c6 7. dxc6 bxc6 8.
Bd3 Nd5 9. Nf3 Bd6 10. Nc3 Nf4 11. Bf1 O-O 12. d3 Ng6 13. Be2 f5 14. h4 Re8 15.
h5 Nf8 16. a3 Qc7 17. b4 Nb7 18. Bb2 Bd7 19. Qd2 e4 20. dxe4 Bf4 21. Qd4 fxe4
22. Nb5 Ne6 23. Bc4 Be5 24. Nxc7 Bxd4 25. Nxd4 Kh8 26. Ndxe6 {Black resigns} 1-0